 Dungeon Crawl Stone Soup version 0.29-a0-375-g5102b3be25 (webtiles) character file.

Game seed: 4264366853304508006

396419 jlumianski the End of an Era (level 22, -5/160 (173) HPs)
             Began as a Demonspawn Fighter on May 2, 2022.
             Was the Champion of Qazlal.
             Slain by a vault guard
             ... wielding a +0 bardiche
              (16 damage)
             ... on level 5 of the Vaults on May 4, 2022.
             The game lasted 06:21:43 (58887 turns).

jlumianski the End of an Era (Demonspawn Fighter)  Turns: 58887, Time: 06:21:45

HP:   -5/160 (173)  AC: 43    Str: 23    XL:     22   Next: 19%
MP:   0/35          EV: 18    Int: 10    God:    Qazlal [******]
Gold: 4553          SH: 13    Dex: 17    Spells: 26/34 levels left

rFire   . . .      SeeInvis .   L - +5 glaive of the Guard {elec, spectral, AC+5}
rCold   . . .      Faith    .   (shield currently unavailable)
rNeg    . . .      Spirit   +   j - +3 plate armour {Will+}
rPois   +          Reflect  +   m - +2 hat of the Bear Spirit {Spirit, *Rage Will++}
rElec   .          Harm     .   s - +2 cloak {rPois}
rCorr   .          Rampage  .   a - +2 pair of gloves {hurl}
Will    ++++.      Rage     20% (boots unavailable)
Stlth   ..........              R - amulet of reflection
HPRegen 0.36/turn               y - +4 ring of protection
MPRegen 0.24/turn               i - ring of the Hare {EV+8}

@: about to teleport, marked, flayed, protected from physical damage, on berserk
cooldown, hasted, studying Summonings, drained, invisible, repel missiles, very
quick
A: hooves 3, ignite blood 2, black mark, sharp scales 3, demonic magic 2,
bedeviling, aura of silence
}: 2/15 runes: decaying, gossamer
a: Renounce Religion, Upheaval, Elemental Force, Disaster Area


You were on level 5 of the Vaults.
You worshipped Qazlal.
Qazlal was exalted by your worship.
You visited 8 branches of the dungeon, and saw 40 of its levels.
You visited 1 bazaar.
You also visited: Ossuary, Gauntlet and Volcano.

You collected 6632 gold pieces.
You spent 2079 gold pieces at shops.

Inventory:

Hand Weapons
 L - the +5 glaive of the Guard (weapon) {elec, spectral, AC+5}
   (You bought it in a shop on level 2 of the Dungeon)

   It occasionally discharges a powerful burst of electricity upon striking a
   foe.
   When it strikes, its spirit leaps out and fights alongside the wielder.
   AC:        It affects your AC (+5).
 W - the +9 dagger "Jonoet" {elec, rCorr Dex+4}
   (You took it off a deep elf annihilator on level 3 of the Elven Halls)

   It occasionally discharges a powerful burst of electricity upon striking a
   foe.
   Dex:       It affects your dexterity (+4).
   rCorr:     It protects you from acid and corrosion.
 Z - the +5 glaive of the Healing Gods {chaos, rElec rF- rC+ SInv}
   (You subdued it on level 2 of the Spider Nest)

   Each time it hits an enemy it has a different, random effect.
   rF:        It makes you vulnerable to fire.
   rC:        It protects you from cold.
   rElec:     It insulates you from electricity.
   SInv:      It lets you see invisible.
Missiles
 l - 9 boomerangs (quivered)
 n - 2 silver boomerangs
 w - 6 silver javelins
 P - 3 boomerangs of dispersal
 U - 3 throwing nets
Armour
 a - a +2 pair of gloves of hurling (worn)
 f - the +2 pair of gloves of the Living God {rF+ rC- Will+++ rCorr}
   (You found it on level 3 of the Vaults)

   rF:        It protects you from fire.
   rC:        It makes you vulnerable to cold.
   rCorr:     It protects you from acid and corrosion.
   Will:      It greatly increases your willpower.
 j - a +3 plate armour of willpower (worn)
 m - the +2 hat of the Bear Spirit (worn) {Spirit, *Rage Will++}
   (You acquired it on level 9 of the Dungeon)

   Going berserk makes the wearer tougher, and they're slowed less afterward.
   *Rage:     It berserks you when you make melee attacks (+20% chance).
   Will:      It greatly increases your willpower.
 r - a +2 tower shield
 s - a +2 cloak of poison resistance (worn)
Jewellery
 i - the ring of the Hare (right hand) {EV+8}
   (You found it on level 6 of the Lair of Beasts)

   [ring of evasion]

   EV:        It affects your evasion (+8).
 t - a ring of willpower
 y - a +4 ring of protection (left hand)
 H - a ring of protection from fire
 R - an amulet of reflection (around neck)
Wands
 b - a wand of mindburst (32)
 k - a wand of digging (19)
 u - a wand of charming (10)
 N - a wand of flame (79)
 Q - a wand of acid (25)
 Y - a wand of iceblast (37)
Scrolls
 o - 24 scrolls of teleportation
 p - a scroll of amnesia
 q - 7 scrolls of fear
 E - 5 scrolls of summoning
 F - 2 scrolls of poison
 I - 3 scrolls of immolation
 K - 2 scrolls of silence
 S - 4 scrolls of magic mapping
 T - 6 scrolls of fog
Potions
 c - a potion of heal wounds
 d - 7 potions of might
 e - 2 potions of ambrosia
 g - 3 potions of resistance
 h - 4 potions of haste
 v - 4 potions of cancellation
 z - 6 potions of flight
 G - 15 potions of curing
 J - 2 potions of invisibility
Miscellaneous
 B - a tin of tremorstones (2/2)
 D - a condenser vane (inert)
 M - a lightning rod (4/4)
 V - a phantom mirror


   Skills:
 + Level 14.6 Fighting
 - Level 7.3(14.6) Axes
 - Level 19.5(20.0) Polearms
 + Level 0.3 Crossbows
 + Level 2.1 Throwing
 + Level 14.1 Armour
 + Level 6.2 Dodging
 - Level 10.9 Shields
 + Level 6.6 Spellcasting
 * Level 7.9 Conjurations
 * Level 13.9 Transmutations
 * Level 19.8 Invocations
 * Level 13.5 Evocations


You had 26 spell levels left.
You knew the following spells:

 Your Spells              Type           Power      Damage    Failure   Level
a - Wereblood             Tmut           31%        N/A       1%          2
b - Beastly Appendage     Tmut           62%        N/A       1%          1
c - Irradiate             Conj/Tmut      12%        3d17      47%         5

Your spell library contained the following spells:

 Spells                   Type           Power      Damage    Failure   Level
 Sting                    Tmut/Pois      68%        1d6       10%         1
 Passwall                 Tmut/Erth      14%        N/A       16%         2
 Blade Hands              Tmut           15%        N/A       16%         5
 Spider Form              Tmut/Pois      17%        N/A       30%         3
 Foxfire                  Conj/Fire      44%        2x1d6     34%         1
 Shock                    Conj/Air       44%        1d5       34%         1
 Static Discharge         Conj/Air       11%        N/A       45%         2
 Ignite Poison            Fire/Tmut/Pois 12%        N/A       61%         3
 Ice Form                 Ice/Tmut       17%        N/A       69%         4
 Conjure Flame            Conj/Fire      11%        6-21      71%         3
 Dazzling Flash           Conj/Hex       32%        N/A       71%         3
 Stone Arrow              Conj/Erth      22%        3d8       71%         3
 Animate Skeleton         Necr           6%         N/A       87%         1
 Pain                     Necr           12%        1d4       87%         1
 Summon Small Mammal      Summ           12%        N/A       87%         1
 Mephitic Cloud           Conj/Pois/Air  8%         N/A       87%         3
 Blink                    Tloc           6%         N/A       95%         2
 Corpse Rot               Necr/Air       6%         N/A       95%         2
 Ensorcelled Hibernation  Hex/Ice        8%         N/A       95%         2
 Poisonous Vapours        Pois/Air       6%         N/A       95%         2
 Scorch                   Fire           6%         2d5       95%         2
 Sublimation of Blood     Necr           3%         N/A       95%         2
 Yara's Violent Unravell  Hex/Tmut       12%        3d7       95%         5
 Flame Wave               Conj/Fire      11%        2d5       98%         4
 Hailstorm                Conj/Ice       11%        3d5       98%         4
 Iskenderun's Mystic Bla  Conj/Tloc      11%        2d4       98%         4
 Call Canine Familiar     Summ           3%         N/A       99%         3
 Confusing Touch          Hex            4%         N/A       99%         3
 Gell's Gravitas          Tloc           3%         N/A       99%         3
 Inner Flame              Hex/Fire       4%         N/A       99%         3
 Summon Guardian Golem    Hex/Summ       4%         N/A       99%         3
 Swiftness                Air            3%         N/A       99%         3
 Teleport Other           Tloc           3%         N/A       99%         3
 Vampiric Draining        Necr           3%         2d6       99%         3
 Dragon Form              Tmut           15%        N/A       99%         7
 Airstrike                Air            1%         N/A       100%        4
 Animate Armour           Summ/Erth      6%         N/A       100%        4
 Animate Dead             Necr           1%         N/A       100%        4
 Dispel Undead            Necr           3%         3d7       100%        4
 Olgreb's Toxic Radiance  Pois           3%         N/A       100%        4
 Summon Lightning Spire   Summ/Air       3%         N/A       100%        4
 Agony                    Necr           3%         N/A       100%        5
 Fireball                 Conj/Fire      5%         3d5       100%        5
 Freezing Cloud           Conj/Ice/Air   4%         6-21      100%        5
 Lightning Bolt           Conj/Air       5%         1d17      100%        5
 Manifold Assault         Tloc           3%         N/A       100%        5
 Silence                  Hex/Air        2%         N/A       100%        5
 Summon Forest            Summ/Tloc      1%         N/A       100%        5
 Summon Mana Viper        Hex/Summ       4%         N/A       100%        5
 Conjure Ball Lightning   Conj/Air       5%         3x3d6     100%        6
 Death Channel            Necr           1%         N/A       100%        6
 Dispersal                Tloc           1%         N/A       100%        6
 Simulacrum               Ice/Necr       1%         N/A       100%        6
 Starburst                Conj/Fire      5%         6d4       100%        6
 Summon Cactus Giant      Summ           1%         N/A       100%        6
 Enfeeble                 Hex            2%         N/A       100%        7
 Haunt                    Necr/Summ      1%         N/A       100%        7
 Storm Form               Tmut/Air       8%         N/A       100%        7
 Summon Hydra             Summ           1%         N/A       100%        7
 Disjunction              Tloc           1%         N/A       100%        8
 Ignition                 Fire           1%         3d3       100%        8
 Infestation              Necr           1%         N/A       100%        8
 Lehudib's Crystal Spear  Conj/Erth      5%         10d3      100%        8
 Maxwell's Capacitive Co  Air            1%         ∞         100%        8
 Necromutation            Tmut/Necr      8%         N/A       100%        8
 Polar Vortex             Ice            1%         N/A       100%        9


Dungeon Overview and Level Annotations

Branches:
Dungeon (15/15)            Temple (1/1) D:4            Lair (6/6) D:9
  Swamp (4/4) Lair:4       Spider (4/4) Lair:2        Slime (0/5) Lair:6
    Orc (2/2) D:9             Elf (3/3) Orc:2        Vaults (5/5) D:14
  Crypt (0/3) Vaults:2     Depths (0/4) D:15        Ossuary (visited)
Volcano (visited)         Gauntlet (visited)

Altars:
Ashenzari
Cheibriados
Dithmenos
Elyvilon
Fedhas
Gozag
Hepliaklqana
Kikubaaqudgha
Makhleb
Nemelex Xobeh
Okawaru
Qazlal
Ru
Sif Muna
Trog
Uskayaw
Vehumet
Wu Jian
Xom
Yredelemnul
Zin
The Shining One

Shops:
D:2 [?*(:   D:3 :   D:9 *   D:14 ?   Orc:2 (:=?   Elf:3 (   Vaults:1 (

Portals:
Trove: D:10 (give +3 gold dragon scales)


Innate Abilities, Weirdness & Mutations

You have hooves in place of feet.
Your demonic aura often causes spilled blood to erupt in flames.
Your melee attacks may debilitate your foes.
You are completely covered in razor-sharp scales. (AC +3, Slay +3)
Spells you cast may paralyse nearby enemies.
Your hexes are more powerful.
You are surrounded by an aura of silence.


Message History

* * * LOW HITPOINT WARNING * * *
The flayed ghost cries, "Suffer as I suffered!"
* * * LOW HITPOINT WARNING * * *
An ironbound convoker comes into view.
It is wielding a +2 morningstar of protection.
The war gargoyle is struck by lightning.
Found a wand of charming (4).
A sourceless malevolence fills the Vaults...
With a horrendous wail, an alarm goes off!
The mark upon you grows brighter.
The death drake changes into a guardian serpent!
The ironbound preserver mumbles some strange words.
The ironbound preserver begins to accept its allies' injuries.
The guardian serpent changes into a wind drake!
The wind drake begins repelling missiles!
The flayed ghost stares at you with tortured malice.
* * * LOW HITPOINT WARNING * * *
The war gargoyle is engulfed in freezing vapours.
The flayed ghost stares at you with tortured malice.
* * * LOW HITPOINT WARNING * * *
A vault warden comes into view. It is wielding a +0 scythe.
Blink to where?
Press: ? - help, Dir - move target A shadow dragon, 3 humans, a tentacled monstrosity and an ancient lich come into view.
As you read the scroll of blinking, it crumbles to dust.
The ironbound convoker gestures at the vault warden while chanting.
The vault warden seems to grow stronger.
The vault warden activates a sealing rune.
You block the vault guard's attack.
A vault warden comes into view. It is wielding a +2 great mace.
The vault warden unwields a +0 long sword.
The vault warden wields a +0 shortbow.
The vault warden shoots an arrow.
The arrow hits you but does no damage.
As you read the scroll of teleportation, it crumbles to dust.
You feel strangely unstable.
The ironbound convoker gestures at the shadow dragon while chanting.
The shadow dragon seems to grow stronger.
The titan is engulfed in freezing vapours.
The titan completely misses you.
The vault guard hits you from afar with a +0 bardiche!!
You die...

.......p<<.....
.....p.........
######.cp.....##
....H.L...p...#
...9#.p..#p..
.#..#.D.p##..
..#pp#.pp.# #.
#9.#.XCp#
#..#..p@#
#.§#..§p#
#..#....#
#D.#.○..#
#..#..☼○#
#..#°°.○# ..
#Q.#☼☼/.# ..#.
#.H#§.○.# ....
#.C#....#


You could see a shadow dragon (strong), a tentacled monstrosity, an ironbound
preserver (can't see you), a titan, an ancient lich, 4 vault wardens, 3 vault
guards, 2 ironbound convokers and a yaktaur (can't see you).

Vanquished Creatures
  Margery (Vaults:3)
  Bai Suzhen (Spider:4)
  The ghost of Wimurch the Peltast, a veteran GnFi of Qazlal (Vaults:4)
  Saint Roka (Vaults:4)
  A bone dragon (Vaults:2)
  Rupert (Lair:5)
  Mlioglotl (Spider:3)
  A lich (Vaults:5)
  Asterion (Vaults:1)
  2 deep elf blademasters
  A deep elf master archer (Elf:3)
  4 sphinxes
  Frances (Elf:1)
  The ghost of Gosaunna the Warrior, an adept DjVM of Makhleb (Spider:2)
  Agnes (Lair:2)
  18 vault wardens
  5 ghost moths
  An emperor scorpion (Spider:3)
  Louise (Swamp:3)
  4 orc warlords
  5 deep elf sorcerers (Elf:3)
  Aizul (Spider:3)
  A deep elf elementalist (Elf:3)
  9 ironbound preservers
  2 broodmothers
  4 war gargoyles
  5 very ugly things
  A ghoul (Swamp:3)
  A quicksilver ooze (Gauntlet)
  4 stone giants
  6 ironbound thunderhulks
  4 eleionomae
  5 deep elf demonologists
  7 deep elf annihilators
  A red draconian (Volcano)
  5 bunyips
  A minotaur (Gauntlet)
  12 dire elephants
  6 spark wasps
  7 entropy weavers
  An ettin (shapeshifter) (Elf:3)
  7 deep elf death magi
  An ettin (D:9)
  3 fire dragons (Swamp:3)
  2 crystal guardians (Vaults:3)
  9 yaktaur captains
  2 deep elf high priests (Elf:3)
  4 great orbs of eyes
  An ice dragon (D:13)
  12 boulder beetles
  15 hydras
  4 peacekeepers
  The ghost of a11behringer the Cleaver, a journeyman PaBe of Trog (D:10)
  36 vault guards
  4 radroaches
  14 ironbound frosthearts
  2 jorogumos
  A catoblepas (D:13)
  12 centaur warriors
  3 ghost crabs
  10 two-headed ogres
  A death knight (D:11)
  15 death yaks
  11 alligators
  4 deep troll earth magi (Vaults:3)
  6 tengu warriors
  34 dancing weapons
  22 deep elf knights
  An orc high priest (Elf:1)
  A fire crab (shapeshifter) (Elf:2)
  13 pharaoh ants
  6 hell knights
  A sun moth (Spider:1)
  A soul eater (Gauntlet)
  3 skeletal warriors (D:15)
  4 spriggan druids
  An iron troll (Vaults:3)
  Lodul (D:11)
  8 goliath frogs
  A glowing orange brain (shapeshifter) (Vaults:5)
  30 deep trolls
  A salamander mystic (Volcano)
  8 swamp dragons
  6 steelbarb worms
  A glowing orange brain (Vaults:1)
  14 orb spiders
  13 deep elf archers
  3 bog bodies
  27 deep elf zephyrmancers
  7 wizards
  13 lindwurms
  4 harpies (Vaults:1)
  3 necromancers (Vaults:3)
  17 deep elf pyromancers
  14 ironbound convokers
  4 will-o-the-wisps
  10 orc knights
  A manticore (D:12)
  28 ugly things
  27 wolf spiders
  4 orc sorcerers
  5 salamanders (Volcano)
  12 cyclopes
  5 moths of wrath
  A salamander (shapeshifter) (D:13)
  9 black mambas
  Maurice (D:10)
  14 elephants (Lair:4)
  14 vault sentinels
  A guardian serpent (Lair:6)
  4 torpor snails
  5 gargoyles
  18 cane toads
  An unseen horror (D:10)
  2 tengu conjurers
  6 komodo dragons
  13 demonic crawlers
  3 freezing wraiths
  37 yaktaurs
  2 rime drakes
  11 polar bears
  14 meliai
  12 trolls
  26 tarantellas
  13 hornets
  2 raiju (Lair:6)
  10 blink frogs
  34 slime creatures
  6 tyrant leeches
  Prince Ribbit (D:8)
  A dream sheep (shapeshifter) (D:14)
  15 dream sheep
  24 culicivoras
  2 wraiths (D:10)
  A spriggan (shapeshifter) (D:12)
  5 air elementals
  2 shadows
  14 spriggans
  21 jumping spiders
  11 wyverns
  2 fire elementals
  38 yaks
  2 vampires
  2 water elementals
  A yak (shapeshifter) (Elf:1)
  12 vampire mosquitoes
  41 redbacks
  4 steam dragons
  4 basilisks
  10 humans (D:14)
  A redback (shapeshifter) (Vaults:5)
  7 wargs
  Menkaure (D:5)
  15 swamp worms
  2 acid dragons
  A floating eye (shapeshifter) (D:9)
  27 water moccasins
  17 hell hounds (Lair:6)
  12 black bears
  45 orc warriors
  3 sky beasts
  8 swamp drakes
  19 centaurs
  8 ogres
  19 wolves
  5 phantoms
  5 kobold brigands
  10 bullfrogs
  3 earth elementals
  2 necrophages (Swamp:3)
  5 scorpions
  4 wights (D:8)
  The ghost of spaghetti the Sneak, a weakling DDDe (D:6)
  21 killer bees
  5 electric eels
  6 howler monkeys
  A crimson imp (D:5)
  19 orc priests
  5 hounds
  12 jellies
  Jessica (D:2)
  3 iguanas
  5 hell rats (Lair:2)
  23 orc wizards
  Terence (D:2)
  2 mummies
  Robin (D:1)
  9 gnolls
  5 adders
  4 shadow imps (Gauntlet)
  A white imp (D:5)
  4 ufetubi
  2 worms (D:2)
  3 dart slugs
  57 orcs
  6 spectral bats (Ossuary)
  3 bats (D:1)
  A bat simulacrum (Ossuary)
  13 endoplasms
  2 giant cockroaches
  12 gnoll zombies (Ossuary)
  12 goblins
  13 hobgoblins
  8 jackals
  23 kobolds
  4 quokkas
  6 ball pythons
  6 frilled lizards
  2 goblin simulacra (Ossuary)
  3 goblin zombies (Ossuary)
  8 hobgoblin zombies
  3 kobold simulacra (Ossuary)
  5 kobold zombies (Ossuary)
  4 orc zombies
  3 rats (D:1)
  4 rat simulacra (Ossuary)
  5 spectral goblins (Ossuary)
  5 spectral kobolds (Ossuary)
  A spectral rat (Ossuary)
  A fire vortex (Swamp:4)
  A fungus (Lair:4)
  10 plants
1716 creatures vanquished.

Vanquished Creatures (collateral kills)
  Jorgrun (Spider:3)
  A deep elf master archer (Elf:3)
  Donald (Spider:1)
  A deep elf annihilator (Elf:3)
  The ghost of SirDiesAlot the Severer, a journeyman MiGl of Qazlal (D:10)
  2 hydras
  A death yak (Lair:6)
  Sonja (D:12)
  4 goliath frogs (Swamp:1)
  A manticore (D:14)
  A yaktaur (Vaults:1)
  A tyrant leech (Swamp:1)
  A dream sheep (Lair:6)
  A fire elemental (Elf:3)
  A black bear (Lair:6)
  An orc (D:9)
20 creatures vanquished.

Vanquished Creatures (others)
  A vault guard (D:14)
  2 spriggans (Swamp:1)
  A wolf spider (Spider:3)
  A deep elf pyromancer (Elf:2)
  2 bloated husks
  2 hornets (Swamp:1)
  2 redbacks (Spider:4)
  4 swamp drakes (Swamp:4)
  A centaur (Orc:2)
  An orc (Orc:2)
  10 foxfires
  98 fungi
  114 plants
  7 toadstools (D:5)
246 creatures vanquished.

Grand Total: 1982 creatures vanquished

Notes
Turn   | Place    | Note
-------+----------+-------------------------------------------
     0 | D:1      | jlumianski the Demonspawn Fighter began the quest for the
                  | Orb.
     0 | D:1      | Reached XP level 1. HP: 18/18 MP: 1/1
   119 | D:1      | Found a faded altar of an unknown god.
   460 | D:1      | Gained mutation: You are partially covered in razor-sharp
                  | scales. (AC +1, Slay +1) [demonic ancestry]
   460 | D:1      | Reached XP level 2. HP: 22/24 MP: 2/2
   744 | D:2      | Noticed Terence
  1076 | D:1      | Gained mutation: You are mostly covered in razor-sharp
                  | scales. (AC +2, Slay +2) [demonic ancestry]
  1076 | D:1      | Reached XP level 3. HP: 29/29 MP: 3/3
  1244 | D:1      | Identified a scroll of acquirement
  1244 | D:1      | Acquired 610 gold pieces
  1315 | D:2      | Found Figead's Magic Scroll Boutique.
  1315 | D:2      | Noticed Robin
  1341 | D:1      | Killed Robin
  1383 | D:2      | Bought a scroll of teleportation for 30 gold pieces
  1383 | D:2      | Bought a scroll of teleportation for 30 gold pieces
  1383 | D:2      | Bought a scroll of identify for 20 gold pieces
  1383 | D:2      | Bought a scroll of fear for 35 gold pieces
  1662 | D:2      | You fall into a shaft and drop 2 floors!
  1694 | D:4      | Found a staircase to the Ecumenical Temple.
  1703 | Temple   | Entered the Ecumenical Temple
  1723 | Temple   | Became a worshipper of Qazlal Stormbringer
  1807 | D:4      | Noticed a phantom
  1830 | D:4      | Killed a phantom
  1831 | D:4      | Gained mutation: You are completely covered in razor-sharp
                  | scales. (AC +3, Slay +3) [demonic ancestry]
  1831 | D:4      | Reached XP level 4. HP: 14/36 MP: 4/4
  1886 | D:4      | Found a sand-covered staircase.
  1898 | D:4      | Gained mutation: You have large cloven feet. [demonic
                  | ancestry]
  1898 | D:4      | Reached XP level 5. HP: 27/42 MP: 5/5
  1905 | Ossuary  | Entered an ossuary
  2049 | Ossuary  | Reached * piety under Qazlal
  2263 | Ossuary  | Reached ** piety under Qazlal
  2433 | D:4      | Reached skill level 1 in Dodging
  2447 | D:4      | Reached XP level 6. HP: 48/48 MP: 6/6
  2597 | D:2      | Killed Terence
  2623 | D:2      | Found Finous's Antique Armour Shop.
  2626 | D:2      | Reached skill level 1 in Invocations
  2635 | D:2      | Bought a pair of boots for 90 gold pieces
  2683 | D:2      | Found Bemick's Weapon Emporium.
  2713 | D:2      | Found Tuejiecs's Book Emporium.
  2765 | D:2      | Noticed Jessica
  2770 | D:2      | Killed Jessica
  2830 | D:2      | Found an ornate altar of the Wu Jian Council.
  2950 | D:2      | Found Dolesire's General Store.
  2992 | D:3      | Found Xufaggim's Book Emporium.
  3186 | D:3      | Reached *** piety under Qazlal
  3415 | D:3      | Found a shimmering blue altar of Sif Muna.
  3872 | D:4      | Reached XP level 7. HP: 54/54 MP: 8/8
  3894 | D:4      | Found a sacrificial altar of Ru.
  3914 | D:4      | Found an ornate altar of the Wu Jian Council.
  3921 | D:4      | Reached skill level 5 in Axes
  4142 | D:5      | Entered Level 5 of the Dungeon
  4489 | D:5      | Reached XP level 8. HP: 56/61 MP: 10/10
  4583 | D:5      | Noticed a slime creature
  4583 | D:5      | Noticed a slime creature
  4618 | D:5      | Killed a slime creature
  4819 | D:5      | Reached skill level 5 in Fighting
  4862 | D:5      | Reached skill level 5 in Invocations
  4993 | D:5      | Killed a slime creature
  5291 | D:5      | Noticed Menkaure
  5299 | D:5      | Killed Menkaure
  5300 | D:5      | Gained mutation: You have hoof-like feet. [demonic
                  | ancestry]
  5300 | D:5      | Reached XP level 9. HP: 60/68 MP: 13/13
  5621 | D:2      | Bought the +5 glaive of the Guard {elec, spectral, AC+5}
                  | for 692 gold pieces
  5621 | D:2      | Found the +5 glaive of the Guard {elec, spectral, AC+5}
  5719 | D:5      | Reached **** piety under Qazlal
  5732 | D:6      | Reached skill level 1 in Polearms
  6150 | D:6      | Identified the +2 robe of the Arena {rN++ Will- Str+4}
  6181 | D:6      | Reached skill level 5 in Armour
  6263 | D:6      | Found a runed translucent gate.
  6264 | D:6      | Found a runed translucent gate.
  6264 | D:6      | Noticed a troll
  6265 | D:6      | Noticed a four-headed hydra
  6265 | D:6      | Found an opulent altar of Gozag.
  6265 | D:6      | Noticed spaghetti's ghost (weakling DDDe)
  6267 | D:6      | Found a runed translucent gate.
  6631 | D:6      | Killed a troll
  6764 | D:6      | Killed spaghetti's ghost
  6874 | D:6      | Killed a three-headed hydra
  6989 | D:7      | Noticed a two-headed ogre
  6998 | D:7      | Killed a two-headed ogre
  6999 | D:7      | Reached skill level 5 in Polearms
  6999 | D:7      | Reached skill level 5 in Shields
  6999 | D:7      | Reached XP level 10. HP: 72/76 MP: 15/15
  7651 | D:7      | Found an opulent altar of Gozag.
  8172 | D:8      | Found a shimmering altar of Xom.
  8197 | D:8      | Noticed Prince Ribbit
  8211 | D:8      | Killed Prince Ribbit
  8418 | D:8      | Reached ***** piety under Qazlal
  8513 | D:8      | Found a flagged portal.
  9067 | D:9      | Noticed a cyan ugly thing
  9067 | D:9      | Noticed a purple ugly thing
  9075 | D:9      | Killed a cyan ugly thing
  9078 | D:9      | Killed a cyan ugly thing
  9383 | D:10     | Entered Level 10 of the Dungeon
  9385 | D:10     | Noticed a gargoyle
  9515 | D:9      | Gained mutation: You have hooves in place of feet. [demonic
                  | ancestry]
  9515 | D:9      | Reached XP level 11. HP: 53/81 MP: 17/17
  9663 | D:9      | Found Nasufoch's Neck Hole.
  9676 | D:9      | Bought a +0 cloak for 67 gold pieces
  9731 | D:9      | Noticed a tengu warrior
  9745 | D:9      | Killed a tengu warrior
  9771 | D:9      | Paralysed by a floating eye for 4 turns
 10038 | D:9      | Found a staircase to the Orcish Mines.
 10234 | D:9      | Noticed a two-headed ogre
 10248 | D:9      | Killed a two-headed ogre
 10466 | D:9      | Found a basalt altar of Yredelemnul.
 10508 | D:9      | Found a staircase to the Lair.
 10782 | D:10     | Noticed Maurice
 10974 | D:10     | Killed Maurice
 11058 | D:10     | Reached skill level 10 in Polearms
 11374 | D:10     | Found a portal to a secret trove of treasure.
 11628 | D:10     | Found a runed translucent gate.
 11628 | D:10     | Noticed a11behringer's ghost (journeyman PaBe)
 11628 | D:10     | Noticed SirDiesAlot's ghost (journeyman MiGl)
 11629 | D:10     | Found a runed translucent gate.
 11629 | D:10     | Found a runed translucent gate.
 11671 | D:10     | Killed a11behringer's ghost
 11672 | D:10     | Reached skill level 10 in Invocations
 11686 | D:10     | Killed SirDiesAlot's ghost
 11687 | D:10     | Gained mutation: Spells you cast may paralyse adjacent
                  | enemies. [demonic ancestry]
 11687 | D:10     | Reached XP level 12. HP: 26/89 MP: 17/19
 12040 | D:11     | Noticed a death knight
 12281 | D:11     | Noticed a two-headed ogre
 12292 | D:11     | Killed a two-headed ogre
 12322 | D:11     | Found a gate leading to a gauntlet.
 12337 | Gauntlet | Entered a Gauntlet
 12337 | Gauntlet | Found a transporter.
 12461 | Gauntlet | Found a runed translucent door.
 12465 | Gauntlet | Found a transporter.
 12478 | Gauntlet | Found a transporter.
 12479 | Gauntlet | Found a transporter.
 12490 | Gauntlet | Found a transporter.
 12505 | Gauntlet | Found a transporter.
 12505 | Gauntlet | Noticed a hell beast
 12513 | Gauntlet | Noticed a minotaur
 12515 | Gauntlet | Noticed a hell beast
 12516 | Gauntlet | Found a transporter.
 12521 | Gauntlet | Found a runed translucent door.
 12523 | Gauntlet | Found a runed translucent door.
 12528 | Gauntlet | Noticed a quicksilver ooze
 12530 | Gauntlet | Found a transporter.
 12545 | Gauntlet | Found a transporter.
 12559 | Gauntlet | Found a transporter.
 12559 | Gauntlet | Found a transporter.
 12568 | Gauntlet | Found a transporter.
 12657 | Gauntlet | Found a transporter.
 12679 | Gauntlet | Killed a quicksilver ooze
 12682 | Gauntlet | Identified the ring "Adeus" {*Corrode rC+ rN+ Dex+5}
 12901 | Gauntlet | Killed a minotaur
 12942 | Gauntlet | Found the +3 warlock's mirror {reflect}
 12950 | Gauntlet | Identified the +6 arbalest of Zemoleb {freeze, Dex+2}
 13671 | Orc:1    | Entered Level 1 of the Orcish Mines
 13686 | Orc:1    | Noticed an ettin
 13876 | D:9      | Killed an ettin
 13883 | D:9      | Reached ****** piety under Qazlal
 14503 | Orc:2    | Entered Level 2 of the Orcish Mines
 14503 | Orc:2    | Found a staircase to the Elven Halls.
 16089 | Orc:1    | Gained mutation: Your hexes are more powerful. [demonic
                  | ancestry]
 16089 | Orc:1    | Reached XP level 13. HP: 41/96 MP: 21/21
 16877 | Orc:2    | Found Tapilet's Jewellery Boutique.
 16877 | Orc:2    | Found Gaosomip's Book Shoppe.
 16879 | Orc:2    | Found Keedigh's Weapon Emporium.
 16881 | Orc:2    | Found Adghu's Magic Scroll Shop.
 16927 | Orc:2    | Bought an amulet of reflection for 480 gold pieces
 16936 | Orc:2    | Bought a scroll of identify for 28 gold pieces
 16936 | Orc:2    | Bought a scroll of identify for 28 gold pieces
 17001 | Orc:2    | Found a bloodstained altar of Trog.
 18077 | D:11     | Noticed Lodul
 18082 | D:11     | Killed Lodul
 18370 | D:11     | Reached skill level 1 in Evocations
 18532 | D:12     | Noticed Sonja
 18538 | D:12     | Killed Sonja
 19766 | D:12     | Reached skill level 1 in Throwing
 20029 | D:13     | Gained mutation: Your demonic aura sometimes causes spilled
                  | blood to erupt in flames. [demonic ancestry]
 20029 | D:13     | Reached XP level 14. HP: 77/104 MP: 23/23
 20959 | D:14     | Found Waug's Magic Scroll Shoppe.
 20967 | D:14     | Bought a scroll of magic mapping for 59 gold pieces
 20967 | D:14     | Bought a scroll of magic mapping for 59 gold pieces
 20967 | D:14     | Bought a scroll of magic mapping for 59 gold pieces
 21308 | D:14     | Found a gate to the Vaults.
 21826 | D:15     | Entered Level 15 of the Dungeon
 21912 | D:15     | Reached skill level 5 in Evocations
 22159 | D:15     | Reached skill level 15 in Polearms
 22334 | D:15     | Noticed a stone giant
 22344 | D:15     | Killed a stone giant
 22407 | D:15     | Found a staircase to the Depths.
 23315 | Lair:1   | Entered Level 1 of the Lair of Beasts
 24440 | Lair:1   | Upgraded the game from 0.29-a0-371-g91724d5b39 to
                  | 0.29-a0-375-g5102b3be25
 24882 | Lair:2   | Found a hole to the Spider Nest.
 25550 | Lair:3   | Reached XP level 15. HP: 62/112 MP: 25/25
 25797 | Lair:3   | Learned a level 2 spell: Wereblood
 26035 | Lair:3   | Identified the amulet of Lust {RegenMP Regen+}
 26739 | Lair:4   | Reached skill level 10 in Armour
 26894 | Lair:4   | Found a staircase to the Swamp.
 27224 | Lair:4   | Reached skill level 1 in Transmutations
 28618 | Lair:5   | Noticed Rupert
 28625 | Lair:5   | Killed Rupert
 29151 | Lair:6   | Entered Level 6 of the Lair of Beasts
 29223 | Lair:6   | Found a dark tunnel.
 29245 | Volcano  | Entered a volcano
 30023 | Lair:6   | Found a staircase to the Slime Pits.
 30721 | Lair:6   | Gained mutation: Your melee attacks may debilitate your
                  | foes. [demonic ancestry]
 30721 | Lair:6   | Reached XP level 16. HP: 120/120 MP: 21/26
 30984 | Lair:6   | Reached skill level 5 in Transmutations
 31192 | Lair:6   | Found the ring of the Hare {EV+8}
 32217 | Swamp:1  | Entered Level 1 of the Swamp
 32944 | Swamp:1  | You fall into a shaft and drop 1 floor!
 33917 | Swamp:2  | Reached skill level 15 in Invocations
 34646 | Swamp:3  | Learned a level 1 spell: Beastly Appendage
 34790 | Swamp:3  | Noticed Louise
 34814 | Swamp:3  | Killed Louise
 34815 | Swamp:3  | Reached skill level 1 in Spellcasting
 35047 | D:9      | Acquired 1065 gold pieces
 35048 | D:9      | Acquired the +2 hat of the Bear Spirit {Spirit, *Rage
                  | Will++}
 35048 | D:9      | Found the +2 hat of the Bear Spirit {Spirit, *Rage Will++}
 35461 | Swamp:3  | Reached XP level 17. HP: 127/127 MP: 28/28
 35669 | Swamp:4  | Entered Level 4 of the Swamp
 36413 | Swamp:4  | Got a decaying rune of Zot
 36437 | Swamp:4  | Identified the +3 leather armour of Cowardice {Rampage rC+
                  | Int+2}
 36445 | Swamp:4  | Reached skill level 10 in Fighting
 37172 | Spider:1 | Entered Level 1 of the Spider Nest
 37182 | Spider:1 | Noticed Agnes
 37576 | Lair:2   | Killed Agnes
 38364 | Spider:1 | Noticed Donald
 38371 | Spider:1 | Killed Donald
 40209 | Spider:1 | Reached XP level 18. HP: 136/136 MP: 20/30
 40538 | Spider:2 | Found a runed translucent door.
 40539 | Spider:2 | Found a shimmering altar of Xom.
 40539 | Spider:2 | Noticed Gosaunna's ghost (adept DjVM)
 40540 | Spider:2 | Identified the +5 glaive of the Healing Gods {chaos, rElec
                  | rF- rC+ SInv}
 40579 | Spider:2 | Identified the +8 hand axe "Earthworm" {spect, Str+3}
 40783 | Spider:2 | Killed Gosaunna's ghost
 40892 | Spider:3 | Reached skill level 10 in Shields
 40902 | Spider:3 | Reached skill level 5 in Dodging
 41894 | Spider:3 | Noticed Jorgrun
 41901 | Spider:3 | Killed Jorgrun
 42565 | Spider:4 | Entered Level 4 of the Spider Nest
 43156 | Spider:4 | Noticed Aizul
 43468 | Spider:4 | Noticed Mlioglotl
 43474 | Spider:3 | Killed Mlioglotl
 43496 | Spider:3 | Reached skill level 10 in Evocations
 43498 | Spider:3 | Killed Aizul
 43570 | Spider:3 | Reached skill level 10 in Transmutations
 44246 | Spider:4 | Noticed Bai Suzhen
 44285 | Spider:4 | Killed Bai Suzhen
 44650 | Spider:4 | Got a gossamer rune of Zot
 45038 | Elf:1    | Entered Level 1 of the Elven Halls
 45450 | Elf:1    | Gained mutation: Your demonic aura often causes spilled
                  | blood to erupt in flames. [demonic ancestry]
 45450 | Elf:1    | Reached XP level 19. HP: 143/143 MP: 31/31
 45511 | Elf:1    | Paralysed by an air elemental for 1 turns
 45598 | Elf:1    | Found Ovef's Armour Boutique.
 45873 | Elf:1    | Noticed Frances
 45881 | Elf:1    | Killed Frances
 46905 | Elf:2    | Found a runed translucent gate.
 46905 | Elf:2    | Found a runed translucent gate.
 46905 | Elf:2    | Found a runed translucent gate.
 48067 | Elf:3    | Entered Level 3 of the Elven Halls
 48074 | Elf:3    | Learned a level 5 spell: Irradiate
 48146 | Elf:3    | Found Azainep's Weapon Boutique.
 48171 | Elf:3    | Found a radiant altar of Vehumet.
 48175 | Elf:3    | Reached skill level 1 in Conjurations
 49719 | Elf:3    | Identified the +10 long sword of the Big Bang {pain, Will+
                  | Dex+4}
 49719 | Elf:3    | Identified the +1 robe of Uskayaw {MP+9 Str-5 Int+5 Stlth+}
 49723 | Elf:3    | Identified the +9 dagger "Jonoet" {elec, rCorr Dex+4}
 50073 | Elf:3    | Gained mutation: You are surrounded by an aura of silence.
                  | [demonic ancestry]
 50073 | Elf:3    | Reached XP level 20. HP: 146/152 MP: 30/33
 50107 | Elf:3    | Identified the +0 robe of the Valley {rC+ Will+ Dex+2
                  | Archmagi}
 50231 | Elf:3    | Identified the +1 robe of Hioji {rC+ rN+ Dex-2}
 50754 | Vaults:1 | Entered Level 1 of the Vaults
 50905 | Vaults:1 | Noticed Asterion
 50916 | Vaults:1 | Killed Asterion
 51248 | Vaults:1 | Found Ciugan's Antique Weapon Shoppe.
 52955 | Vaults:2 | Reached skill level 5 in Conjurations
 53373 | Vaults:2 | Got the Reference Book on Mutagenic Weightlessness
 53462 | Vaults:2 | Identified the +2 pair of boots of the Catfish {Harm *Slow
                  | rF+ rN+}
 54163 | Vaults:2 | Noticed a bone dragon
 54175 | Vaults:2 | Killed a bone dragon
 54193 | Vaults:2 | Found a staircase to the Crypt.
 54479 | Vaults:3 | Reached XP level 21. HP: 162/162 MP: 32/34
 54481 | Vaults:3 | Reached skill level 5 in Spellcasting
 54588 | Vaults:3 | Found a flickering gateway to a bazaar.
 54624 | Bazaar   | Entered a bazaar
 54624 | Bazaar   | Found Lanwinit's Book Shop.
 54624 | Bazaar   | Found Wovviabo's Magic Scroll Emporium.
 54624 | Bazaar   | Found Vaesmusi's Assorted Antiques.
 54624 | Bazaar   | Found Myttao's Weapon Shoppe.
 54626 | Bazaar   | Found Aklonesu's General Store.
 54679 | Bazaar   | Bought a pair of embroidered gloves for 135 gold pieces
 54685 | Bazaar   | Bought a scroll of blinking for 105 gold pieces
 54702 | Bazaar   | Bought 6 silver boomerangs for 162 gold pieces
 54866 | Vaults:3 | Noticed Margery
 54877 | Vaults:3 | Killed Margery
 56796 | Vaults:3 | Identified the +2 pair of gloves of the Living God {rF+ rC-
                  | Will+++ rCorr}
 56990 | Vaults:4 | Noticed Saint Roka
 57054 | Vaults:4 | Killed Saint Roka
 57833 | Vaults:4 | Found a runed translucent door.
 57833 | Vaults:4 | Noticed Wimurch's ghost (veteran GnFi)
 57896 | Vaults:4 | Killed Wimurch's ghost
 58301 | Vaults:4 | Gained mutation: Spells you cast may paralyse nearby
                  | enemies. [demonic ancestry]
 58301 | Vaults:4 | Reached XP level 22. HP: 173/173 MP: 33/35
 58431 | Vaults:4 | Identified the +8 short sword "Veepuhav" {holy, rCorr
                  | Int+4}
 58557 | Vaults:5 | Entered Level 5 of the Vaults
 58858 | Vaults:5 | HP: 3/157 [vault guard/+0 dire flail (5)]
 58866 | Vaults:5 | HP: 6/160 [storm dragon/bolt of lightning (14)]
 58886 | Vaults:5 | Noticed an ancient lich
 58887 | Vaults:5 | Slain by a vault guard

Illustrated notes

Levels and vault maps discovered:
D:1:      psy_arrival_radial01, layout_basic, hellmonk_ecumenical_altar_zigzags
D:2:      layout_rooms, basic_altar, serial_shops, nicolae_shop_hallway_plus,
          nicolae_shop_trees, shop, nicolae_square_shop, shop, uniq_robin,
          uniq_jessica, uniq_terence
D:3:      layout_basic, led_sif_pool, serial_shops,
          nicolae_shop_temple_entry_statues_fountains
D:4:      layout_rooms, nicolae_ru_awakened_eye, nicolae_wu_jian_glorious_leap,
          minmay_temple_entry_gardened_gates, nicolae_ossuary_entry_giza
D:5:      cheibrodos_fertilizer, layout_layer_cave, minmay_fire_ice_demons,
          uniq_menkaure
D:6:      layout_loops_ring, ebering_ghost_gozag, minmay_misc_feat_nine_boxes
D:7:      layout_basic, mainiacjoe_overflow_alcove_2, chequers_big_river,
          minmay_manual_mess
D:8:      layout_rooms, xom_teletrap_fun, serial_co_window_serial,
          co_window_cross_1, co_window_of_opportunity_a, co_window_corner_a,
          co_window_of_opportunity_a, co_window_corner_a, co_window_paths_b,
          co_window_2corner, co_window_corner_cb, co_window_corner_cb,
          co_window_cross_4, co_window_4corner_b, glass_columns_c,
          glass_columns_a, glass_columns_c, glass_columns_c, enter_bailey_6,
          uniq_prince_ribbit1
D:9:      minmay_diamond_stairs, layout_rooms, mainiacjoe_overflow_alcove_1,
          lair_entry_dummy, nicolae_shop_sticking_my_neck_out
D:10:     layout_loops_ring, nicolae_trove_entry_crossroad,
          gammafunk_ghost_cemetery, uniq_maurice
D:11:     layout_roguey, gauntlet_entry_generic, uniq_lodul
D:12:     layout_cave_pools, uniq_sonja
D:13:     layout_cave_pools, grunt_ministairs_12, minmay_hedge_maze,
          kennysheep_windowed_goal
D:14:     layout_cave_pools, ximxim_vaults_locker_room, serial_shops, shop,
          lightli_minifort
D:15:     grunt_enter_depths_snipers, layout_grid_maze, corexii_hall_statues_i
Temple:   lightli_temple_of_artemis
Lair:1:   layout_layer_cave, chequers_serial_rivers_marsh
Lair:2:   layout_cave_pods, spider_nest_entry_a
Lair:3:   layout_regular_city, wad_woods_river_04,
          chequers_serial_rivers_room_a, minivault_25
Lair:4:   mu_elephants_graveyard, layout_layer_cave, swamp_mist_pool,
          lemuel_fruit_tree, infiniplex_staircase_pool
Lair:5:   layout_long_grid, uniq_rupert
Lair:6:   hangedman_lair_caniforms_friends, layout_long_grid,
          hangedman_lair_tendril_chambers, nicolae_slime_entry_slimehenge,
          enter_volcano_3, nicolae_quartered_pool_little, serial_bayou_shore_b
Swamp:1:  layout_basic_swamp, nicolae_swamp_round_clearing, swamp_pool2
Swamp:2:  layout_falls_marsh, hangedman_swamp_pad
Swamp:3:  layout_falls_marsh, evilmike_swamp_ruin_house_3, swamp_pool4,
          nzn_swamp_dancing_lights, infiniplex_staircase_pool_2, uniq_louise
Swamp:4:  swamp_fiery, layout_basic_swamp
Spider:1: layout_spider_delve, portal_ice_cave_entry_pillars_four, uniq_agnes,
          uniq_donald
Spider:2: layout_spider_delve, ebering_ghost_xom
Spider:3: layout_chambers, uniq_jorgrun
Spider:4: grunt_spider_rune_island, uniq_aizul, uniq_mlioglotl, uniq_bai_suzhen
Orc:1:    layout_caves
Orc:2:    st_orc_rangers, layout_caves, basic_altar
Elf:1:    layout_rooms, serial_shops, nicolae_shop_advertising_works
          [nicolae_subvault_shop_adworks], hangedman_elven_crosses_minicolossus,
          uniq_frances
Elf:2:    nicolae_elf_blades_splatter_lattice [nicolae_blade_bullseye],
          layout_geoelf_octagon
Elf:3:    elf_hall_gauntlet_narrow, layout_gridlike, serial_co_window_serial,
          co_window_paths_a, co_window_corner_a, co_window_corner_a,
          co_window_paths_b, co_window_corner_a, co_window_corner_b,
          co_window_corner_b, co_window_broadway_b, co_window_broadway_c,
          co_window_corner_cb, co_window_paths_e, glass_columns_a,
          glass_columns_c, glass_columns_a, serial_shops, shop,
          lemuel_statue_altar
Vaults:1: nicolae_vaults_little_squares_5, nicolae_vaults_holding_cells,
          vaults_dpeg_cross, vaults_dpeg_hooks, vaults_room_pools,
          vaults_room_door_hall, nicolae_vaults_network_quincunx
          [nicolae_vaults_network_quincunx_subvault,
          nicolae_vaults_network_quincunx_subvault,
          nicolae_vaults_network_quincunx_subvault,
          nicolae_vaults_network_quincunx_subvault,
          nicolae_vaults_network_quincunx_subvault], v_alt_pattern_3,
          hangedman_vaults_cutoff, grunt_vaults_funnel,
          ontoclasm_vaults_decontamination, vaults_room_hallway, v_misc_2,
          hangedman_vaults_nails, layout_vaults_big_cross, serial_shops, shop,
          uniq_asterion
Vaults:2: hangedman_vaults_hat, vaults_standard_mumra_enter_the_diamond,
          nicolae_vaults_stairing_the_circle, hangedman_vaults_slice,
          nicolae_vaults_little_ls, hangedman_vaults_stream,
          minmay_crypt_entry_nasty_monster, v_misc_30,
          vaults_room_stairs_pillars, layout_vaults_chaotic_city
Vaults:3: ontoclasm_vaults_ring_square, v_pattern_5, v_alt_pattern_5,
          nicolae_vaults_three_branches, nicolae_vaults_little_squares_3,
          nicolae_vaults_asterisk, ontoclasm_vaults_chip, st_spiral_rooms,
          v_misc_25, nicolae_vaults_little_squares_4, nicolae_vaults_asterisk,
          dpeg_vaults_monster_box, layout_vaults_quadrants, serial_shops,
          bzr_entry_dummy, uniq_margery
Vaults:4: hellmonk_ghost_happy_afterlife, v_misc_29, ontoclasm_vaults_fault,
          vaults_mumra_lcd, v_misc_18, hangedman_vaults_maws,
          hangedman_vaults_corner_blocks, vaults_mumra_bighexcomb, v_misc_30,
          ontoclasm_vaults_misaligned, nicolae_vaults_little_squares_3,
          vaults_mumra_chevron, vaults_dpeg_diagonal, ontoclasm_vaults_ligature,
          layout_vaults_maze, uniq_saint_roka
Vaults:5: serial_shops

Skill      XL: |  1  2  3  4  5  6  7  8  9 10 11 12 13 14 15 16 17 18 19 20 21 22 |
---------------+-------------------------------------------------------------------+-----
Armour         | 3 4 5 6 7 8 9 10 11 12 13 14 | 14.1
Axes           | 2 3 4 5 7 |  7.3
Shields        | 3 4 5 7 8 9 10 | 10.9
Dodging        | 1 2 3 4 5 6 |  6.2
Invocations    | 2 3 5 7 8 10 11 12 13 14 15 16 18 19 | 19.8
Fighting       | 4 5 6 7 8 9 10 11 13 14 | 14.6
Polearms       | 5 8 10 12 14 15 17 18 19 | 19.5
Evocations     | 3 5 6 8 9 10 11 12 13 | 13.5
Throwing       | 1 2 |  2.1
Transmutations | 4 7 8 10 12 13 | 13.9
Spellcasting   | 1 2 3 4 6 |  6.6
Conjurations   | 2 5 7 |  7.9
Crossbows      | |  0.3

Action                   |  1- 3 |  4- 6 |  7- 9 | 10-12 | 13-15 | 16-18 | 19-21 | 22-24 || total
-------------------------+-------+-------+-------+-------+-------+-------+-------+-------++-------
Melee: War axe           |    91 |   170 |   108 |       |       |       |       |       ||   369
       Kick              |       |    26 |       |    78 |   246 |   320 |   364 |    35 ||  1069
       Glaive            |       |       |    34 |   322 |   584 |   796 |   836 |    70 ||  2642
       Broad axe         |       |       |       |       |     2 |    44 |       |       ||    46
       Headbutt          |       |       |       |       |       |     2 |       |       ||     2
       Punch             |       |       |       |       |       |     1 |       |       ||     1
 Fire: Arbalest          |       |       |       |       |     3 |       |       |       ||     3
Throw: Stone             |       |    10 |       |       |       |       |       |       ||    10
       Dart              |       |       |     4 |     1 |       |       |       |       ||     5
       Boomerang         |       |       |       |       |    14 |    24 |     3 |       ||    41
 Cast: Wereblood         |       |       |       |       |       |    33 |    52 |     4 ||    89
       Beastly Appendage |       |       |       |       |       |     1 |       |       ||     1
Invok: Elemental Force   |       |       |     1 |     1 |     5 |     8 |     6 |       ||    21
       Upheaval          |       |       |       |       |     1 |     5 |     1 |       ||     7
Evoke: Wand              |       |       |     2 |       |     1 |     4 |       |       ||     7
       Lightning rod     |       |       |       |       |       |     1 |     1 |       ||     2
       Tin of tremorston |       |       |       |       |       |     2 |     3 |       ||     5
       Condenser vane    |       |       |       |       |       |       |     1 |     1 ||     2
  Use: Scroll            |     5 |     5 |     6 |     9 |     7 |     6 |     6 |     4 ||    48
       Potion            |     2 |     1 |       |     3 |     1 |     1 |     1 |     7 ||    16
 Stab: Distracted        |       |       |       |     4 |     8 |     9 |    11 |     4 ||    36
       Paralysed         |       |       |       |       |       |    13 |     8 |       ||    21
       Confused          |       |       |       |       |       |     1 |       |       ||     1
Armor: Scale mail        |    72 |    81 |    82 |    21 |       |   250 |       |       ||   506
       Chain mail        |       |       |       |   130 |   302 |   248 |    78 |       ||   758
       Plate armour      |       |       |       |   145 |       |       |   215 |    67 ||   427
Dodge: Dodged            |    62 |    85 |    72 |   212 |   250 |   867 |   437 |    50 ||  2035
       Repelled          |       |       |       |     6 |     4 |    16 |    16 |     2 ||    44
Block: Buckler           |    26 |    62 |    54 |       |       |       |       |       ||   142
       Other             |       |       |    10 |   160 |   361 |   694 |   422 |    61 ||  1708
       Reflection        |       |       |       |       |    27 |    14 |    75 |     1 ||   117

Table legend: (Time is in decaauts)
 A = Elapsed time spent in this place.
 B = Non-inter-level travel time spent in this place.
 C = Inter-level travel time spent in this place.
 D = Time resting spent in this place.
 E = Time spent auto-exploring this place.
 F = Levels seen in this place.
 G = Mean time per level.
                   A        B        C        D        E       F      G
               +--------+--------+--------+--------+--------+-----+--------+
         Total |  59752 |  55496 |   4256 |  10980 |  28147 |  44 | 1358.0 |
       Dungeon |  19742 |  18209 |   1533 |   2515 |  10629 |  15 | 1316.1 |
        Temple |     40 |     40 |      0 |      0 |      0 |   1 |   40.0 |
          Lair |  11073 |   9616 |   1457 |   1541 |   5541 |   6 | 1845.5 |
         Swamp |   3986 |   3764 |    222 |    440 |   2073 |   4 |  996.5 |
   Spider Nest |   6277 |   6037 |    240 |   2150 |   2241 |   4 | 1569.2 |
  Orcish Mines |   3799 |   3599 |    200 |   1979 |    691 |   2 | 1899.5 |
   Elven Halls |   5216 |   4941 |    275 |   1044 |   2187 |   3 | 1738.7 |
        Vaults |   7776 |   7448 |    328 |    933 |   4143 |   5 | 1555.2 |
        Bazaar |     84 |     84 |      0 |      0 |      0 |   1 |   84.0 |
       Ossuary |    537 |    537 |      0 |      0 |    223 |   1 |  537.0 |
       Volcano |    448 |    448 |      0 |    150 |    124 |   1 |  448.0 |
      Gauntlet |    769 |    769 |      0 |    225 |    292 |   1 |  769.0 |
               +--------+--------+--------+--------+--------+-----+--------+

Top non-repeatable levels by time:
Spider:3: 2804 daAuts
   Orc:1: 2753 daAuts
     D:9: 2739 daAuts
  Lair:2: 2586 daAuts
  Lair:4: 2369 daAuts
Vaults:2: 2128 daAuts
Vaults:1: 2013 daAuts
   Elf:3: 1948 daAuts
Vaults:3: 1942 daAuts
  Lair:6: 1932 daAuts
   Elf:2: 1926 daAuts
    D:10: 1842 daAuts
  Lair:1: 1721 daAuts
Spider:1: 1678 daAuts
Vaults:4: 1640 daAuts
